 Dungeon Crawl Stone Soup version 0.30.1 (webtiles) character file.

Game seed: 6436754189440972665

70 cdecastro the Magician (level 4, -1/33 HPs)
             Began as a Djinni Ice Elementalist on July 10, 2023.
             Slain by Sigmund
             ... wielding a +2 scythe of freezing
              (6 damage)
             ... on level 2 of the Dungeon.
             The game lasted 00:05:21 (1435 turns).

cdecastro the Magician (Djinni Ice Elementalist)    Turns: 1435, Time: 00:05:21

Health: -1/33      AC:  2    Str:  7    XL:     4   Next: 44%
Gold:   139        EV: 12    Int: 18    God:
                   SH:  0    Dex: 14

rFire   + + .        g - +0 dagger
rCold   x . .        (no shield)
rNeg    . . .        a - +0 robe
rPois   ∞            (no helmet)
rElec   .            (no cloak)
rCorr   .            (no gloves)
SInv    .            (boots unavailable)
Will    .....        (no amulet)
Stlth   +            (no ring)
HPRegen 0.25/turn    (no ring)
MPRegen 0.00/turn

%: infuse magic (-2 HP)
@: confused, flying
A: sickness immunity, fire resistance 2, cold vulnerability 1, float, innate
caster, HP casting, extra vitality 1
a: no special abilities


You were on level 2 of the Dungeon.
You visited 1 branch of the dungeon, and saw 2 of its levels.

You collected 139 gold pieces.

Inventory:

Hand Weapons
 g - a +0 dagger (weapon)
Armour
 a - a +0 robe (worn)
Scrolls
 h - a scroll of enchant armour {unknown}
 i - a scroll of teleportation {unknown}
 j - 2 scrolls of identify {unknown}
 l - a scroll of blinking {unknown}
 n - a scroll of fear {unknown}
 p - a scroll of poison {unknown}
Potions
 b - 3 potions of curing {unknown}
 c - a potion of mutation {unknown}
 d - a potion of flight {unknown}
 e - a potion of ambrosia {unknown}
 f - 2 potions of heal wounds {unknown}
 k - 2 potions of degeneration {unknown}
 m - a potion of might {unknown}
 o - a potion of lignification {unknown}


   Skills:
 + Level 1.9 Fighting
 - Level 2.1 Dodging
 - Level 1.5 Stealth
 * Level 4.1 Spellcasting


You knew the following spells:

 Your Spells              Type           Power      Damage    Failure   Level
a - Freeze                Ice            72%        1d8       2%          1
b - Frozen Ramparts       Ice            36%        1d6       8%          3
c - Ozocubu's Armour      Ice            18%        N/A       8%          3
d - Summon Ice Beast      Ice/Summ       18%        N/A       26%         4
e - Summon Small Mammal   Summ           72%        N/A       2%          1
Your spell library was empty.

Dungeon Overview and Level Annotations

Branches:
Dungeon (2/15)

Altars:

Annotations:
D:2 1 runed translucent door, Crazy Yiuf, Sigmund


Innate Abilities, Weirdness & Mutations

You are immune to sickness and miasma.
You are immune to poison.
Your flesh is very heat resistant. (rF++)
You are vulnerable to cold. (rC-)
You float through the air rather than walking.
You learn spells naturally, not from books.
Your magical power is your life essence.
You have superior vitality. (+4 MHP)


Message History

Sigmund barely misses you.
You touch Sigmund.
Sigmund is moderately wounded.
You touch Sigmund.
Sigmund is heavily wounded.
Sigmund gestures wildly while chanting.
Sigmund flickers and vanishes!
Deactivating autopickup; reactivate with Ctrl-A.
You closely miss something. Something barely misses you.
You hear some strange, mumbled words.
You are confused.
You're too confused to move!
You bump into the rock wall.
Something hits you.
Your transformation is almost over.
Something barely misses you.
You bump into the rock wall.
You touch something.
You feel less confused. Something hits you.
You touch something but do no damage.
Something closely misses you.
You touch something.
You touch something.
Something hits you but does no damage.
You closely miss something. You barely miss something. Something hits you!
* * * LOW HITPOINT WARNING * * *
You closely miss something. Something barely misses you.
You touch something but do no damage.
Unknown command.
You can't do that in your present form.
You hear some strange, mumbled words.
You are confused.
You bump into the rock wall.
You condense into your normal self.
Your +0 dagger unmelds from your body.
Your +0 robe unmelds from your body.
Something hits you.
* * * LOW HITPOINT WARNING * * *
Something freezes you.
* * * LOW HITPOINT WARNING * * *
You bump into the rock wall.
Something hits you.
You die...

##.......# ##...#...............#
†)...........@...................
..##.#######.#####......###......
#.##.#######.# #.####....####..
#............#####.# ####..{....
####.###........g†.# #####... #
### #.###.###{#.# #.g.
#.#.....#.### #... #.##...##@#
########... ..#.....#..#
..........> ..#######....
########... .... ...### #... ####
#### #... #... #... ##.. ##.


You could see a hobgoblin.

Vanquished Creatures
  2 adders (D:2)
  A worm (D:2)
  2 dart slugs (D:2)
  4 ball pythons
  3 bats
  3 endoplasms (D:1)
  3 giant cockroaches (D:1)
  2 goblins (D:1)
  5 hobgoblins
  6 jackals (D:1)
  A quokka (D:1)
  2 frilled lizards (D:1)
  3 kobolds
  4 rats
41 creatures vanquished.

Notes
Turn   | Place    | Note
-------+----------+-------------------------------------------
     0 | D:1      | cdecastro the Djinni Ice Elementalist began the quest for
                  | the Orb.
     0 | D:1      | cdecastro set off with the following spells memorised:
                  | Freeze, Frozen Ramparts, Ozocubu's Armour, Summon Ice
                  | Beast.
     0 | D:1      | Reached XP level 1. HP: 15/15 MP: 0/0
   108 | D:1      | Reached XP level 2. HP: 21/22 MP: 0/0
   214 | D:1      | Reached skill level 1 in Fighting
   245 | D:1      | Found a faded altar of an unknown god.
   369 | D:1      | Reached XP level 3. HP: 27/27 MP: 0/0
   369 | D:1      | Learned a level 1 spell: Summon Small Mammal
   906 | D:2      | Noticed Sigmund
  1097 | D:2      | Reached skill level 4 in Spellcasting
  1097 | D:2      | Reached XP level 4. HP: 17/32 MP: 0/0
  1231 | D:2      | Found a runed translucent door.
  1232 | D:2      | Noticed Crazy Yiuf
  1435 | D:2      | Slain by Sigmund

Illustrated notes

Levels and vault maps discovered:
D:1:      minmay_arrival_doors, layout_rooms, basic_ecumenical_altar
D:2:      layout_rooms, corexii_hall_statues_x, minmay_misc_feat_rugged,
          minmay_split_cup_large, uniq_sigmund, uniq_crazy_yiuf_cottage

Skill      XL: |  1  2  3 |
---------------+----------+-----
Fighting       | 1 |  1.9
Spellcasting   | 4 |  4.1
Dodging        | |  2.1
Stealth        | |  1.5

Action                     |  1- 3 |  4- 6 || total
---------------------------+-------+-------++-------
  Melee: Unarmed           |     1 |    15 ||    16
         Dagger            |     2 |     3 ||     5
   Cast: Freeze            |    50 |    15 ||    65
   Stab: Sleeping          |     2 |       ||     2
 Armour: Robe              |     7 |     3 ||    10
         Skin              |       |     1 ||     1
  Dodge: Dodged            |    23 |    15 ||    38
